 Dungeon Crawl Stone Soup version 0.28.0-53-g5a82cb258f (webtiles) character file.

Game seed: 13443925485973296969

7126 Sin92 the Fighter (level 10, -1/88 HPs)
             Began as a Demonspawn Fighter on June 12, 2022.
             Was an Elder of Okawaru.
             Slain by a wolf (7 damage)
             ... led by Grum
             ... on level 8 of the Dungeon on June 13, 2022.
             The game lasted 00:22:56 (10568 turns).

Sin92 the Fighter (Demonspawn Fighter)             Turns: 10568, Time: 00:22:56

Health: -1/88      AC: 18    Str: 25    XL:     10   Next: 85%
Magic:  10/10      EV:  8    Int:  9    God:    Okawaru [****..]
Gold:   624        SH: 15    Dex: 15    Spells: 9/9 levels left

rFire   . . .      SeeInvis +   a - +1 war axe (flame)
rCold   . . .      Faith    .   j - +0 kite shield
rNeg    . . .      Spirit   .   l - +1 plate armour
rPois   .          Reflect  +   (no helmet)
rElec   .          Harm     .   (no cloak)
rCorr   .          Rampage  .   i - +2 pair of gloves
Will    .....                   (no boots)
Stlth   ..........              e - amulet of reflection
HPRegen 0.24/turn               d - ring of see invisible
MPRegen 0.12/turn               g - +6 ring of strength

@: hasted, very quick
A: (demonic guardian 2), robust 1, spiny 1, sharp scales 1, demonic touch 2
a: Renounce Religion, Heroism, Finesse


You were on level 8 of the Dungeon.
You worshipped Okawaru.
Okawaru was greatly pleased with you.
You visited 2 branches of the dungeon, and saw 10 of its levels.

You collected 624 gold pieces.

Inventory:

Hand Weapons
 a - a +1 war axe of flaming (weapon)
 o - a +1 war axe of venom
Missiles
 k - 4 silver javelins (quivered)
Armour
 i - a +2 pair of gloves (worn)
 j - a +0 kite shield (worn)
 l - a +1 plate armour (worn)
Jewellery
 d - a ring of see invisible (left hand)
 e - an amulet of reflection (around neck)
 g - a +6 ring of strength (right hand)
 n - a ring of resist corrosion
Wands
 b - a wand of acid (7)
 t - a wand of digging (4)
Scrolls
 m - 5 scrolls of teleportation
Potions
 c - a potion of mutation
 u - 4 potions of degeneration
 w - 2 potions of attraction


   Skills:
 + Level 8.1 Fighting
 + Level 7.1 Axes
 + Level 7.4 Armour
 + Level 6.7 Dodging
 + Level 7.4 Shields


You had 9 spell levels left.
You didn't know any spells.
Your spell library contained the following spells:

 Spells                   Type           Power      Damage    Failure   Level
 Pain                     Necr           0%         1d4       100%        1
 Blink                    Tloc           0%         N/A       100%        2
 Lesser Beckoning         Tloc           0%         N/A       100%        3
 Vampiric Draining        Necr           0%         2d6       100%        3
 Borgnjor's Revivificati  Necr           0%         N/A       100%        8
 Animate Skeleton         Necr           Unusable   N/A       N/A         1
 Malign Gateway           Summ/Tloc      Unusable   N/A       N/A         7

Dungeon Overview and Level Annotations

Branches:
Dungeon (9/15)             Temple (1/1) D:5
   Lair: D:8-11         Orc: D:9-12

Altars:
Dithmenos
Elyvilon
Fedhas
Gozag
Hepliaklqana
Makhleb
Nemelex Xobeh
Okawaru
Qazlal
Ru
Sif Muna
Trog
Uskayaw
Xom
Yredelemnul
The Shining One
Lugonu

Shops:
D:8 *

Annotations:
D:6 2 runed translucent doors, jiml777's ghost, novice GrEE
D:9 Grum


Innate Abilities, Weirdness & Mutations

((A demonic guardian rushes to your aid.))
You are robust. (+10% HP)
You are partially covered in sharp spines.
You are partially covered in razor-sharp scales. (AC +1, Slay +1)
Your touch may inflict irresistible damage on your foes.


Message History

You closely miss the kobold brigand.
The kobold brigand is lightly wounded.
You slash the wolf! You burn the wolf. You block the wolf's attack. x2
The kobold hits you but does no damage. You block the kobold brigand's attack.
You see here a wand of flame (12).
The kobold brigand throws a curare-tipped dart.
You reflect the curare-tipped dart off an invisible shield around you!
The curare-tipped dart barely misses the kobold brigand.
The curare-tipped dart closely misses the kobold.
You feel yourself speed up. You block the wolf's attack.
The wolf is struck by your spines.
You kill the wolf!
Okawaru accepts your kill. You block the wolf's attack.
Grum points his finger and shouts, "Fido!
Sic 'em!"
The wolf is struck by your spines. The wolf bites you but does no damage.
The wolf bites you but does no damage. The wolf bites you!
* * * LOW HITPOINT WARNING * * *
You block the wolf's attack. You block the wolf's attack.
The wolf is struck by your spines. The wolf bites you.
* * * LOW HITPOINT WARNING * * *
The wolf pauses to sniff the ground.
There is a stone staircase leading up here.
The wolf barely misses you. You block the wolf's attack. x2
The wolf bites you but does no damage.
You climb upwards.
There is a stone staircase leading down here.
You miss the wolf.
The wolf is severely wounded.
You hit the wolf. You burn the wolf. The wolf is struck by your spines.
The wolf bites you but does no damage. You block the wolf's attack. x2
You closely miss the wolf.
The wolf is severely wounded.
You hit the wolf. You burn the wolf.
The wolf bites you but does no damage. x2
You block the wolf's attack. The wolf is struck by your spines.
The wolf bites you!
You die...

##.......## #.........#
#.........# ### #.........#
##.. #.........# #...
#.........# #.## ##.......##
#.#§ #.....h...####### #.#§
##### #...<@..........# #.#§
#...###...h.....#####.###.#§
###.......[.....# #..##.#§
#####.........# ##.##.##
###........#######..#...
#....#.#..!...........>.
#.####.#.########...####
#..# #.#.#####....#..# ##.#
#.#.##....#####.###


You could see 2 wolves.

Vanquished Creatures
  A boulder beetle (D:9)
  Pikel (D:8)
  A meliai (D:9)
  A troll (D:7)
  Prince Ribbit (D:8)
  Grinder (D:4)
  2 slime creatures (D:7)
  2 shadows
  A wraith (D:7)
  2 steam dragons (D:8)
  Edmund (D:5)
  A black bear (D:5)
  5 ice beasts
  A sky beast (D:7)
  4 necrophages
  2 ogres (D:4)
  3 centaurs (D:8)
  A wolf (D:9)
  2 phantoms
  5 kobold brigands
  2 bullfrogs
  2 wyvern zombies
  A water moccasin zombie (D:5)
  5 scorpions
  7 killer bees (D:7)
  A howler monkey (D:8)
  2 hounds
  2 centaur zombies (D:6)
  3 jellies
  3 orc priests
  2 bullfrog skeletons (D:6)
  2 centaur skeletons (D:7)
  2 iguanas
  8 orc wizards
  A hound zombie (D:5)
  2 howler monkey zombies
  16 gnolls
  7 adders
  A shadow imp (D:7)
  2 white imps (D:7)
  An ufetubus (D:5)
  A worm (D:3)
  A dart slug (D:2)
  20 orcs
  8 ball pythons
  3 bats
  7 endoplasms
  5 giant cockroaches
  17 goblins
  16 hobgoblins
  3 jackals (D:4)
  51 kobolds
  6 quokkas
  2 frilled lizards (D:2)
  6 rats
  A spectral orc (D:6)
257 creatures vanquished.

Vanquished Creatures (others)
  A howler monkey (D:8)
  A fungus (D:8)
  20 plants (D:9)
22 creatures vanquished.

Grand Total: 279 creatures vanquished

Notes
Turn   | Place    | Note
-------+----------+-------------------------------------------
     0 | D:1      | Sin92 the Demonspawn Fighter began the quest for the Orb.
     0 | D:1      | Reached XP level 1. HP: 18/18 MP: 1/1
   200 | D:1      | Gained mutation: You are partially covered in sharp spines.
                  | [demonic ancestry]
   200 | D:1      | Reached XP level 2. HP: 22/24 MP: 2/2
   520 | D:1      | Gained mutation: You are partially covered in razor-sharp
                  | scales. (AC +1, Slay +1) [demonic ancestry]
   520 | D:1      | Reached XP level 3. HP: 29/29 MP: 3/3
   697 | D:1      | Reached skill level 1 in Dodging
  1822 | D:2      | Reached XP level 4. HP: 26/35 MP: 4/4
  2954 | D:3      | Gained mutation: Your touch may inflict minor irresistible
                  | damage on your foes. [demonic ancestry]
  2954 | D:3      | Reached XP level 5. HP: 42/42 MP: 5/5
  3685 | D:4      | Noticed an ogre
  3704 | D:4      | Killed an ogre
  3772 | D:4      | Reached skill level 4 in Fighting
  3772 | D:4      | Gained mutation: Your touch may inflict irresistible damage
                  | on your foes. [demonic ancestry]
  3772 | D:4      | Reached XP level 6. HP: 14/48 MP: 6/6
  4087 | D:4      | Noticed Grinder
  4104 | D:4      | Paralysed by Grinder for 4 turns
  4109 | D:4      | Killed Grinder
  4110 | D:4      | Gained mutation: A weak demonic guardian rushes to your
                  | aid. [demonic ancestry]
  4110 | D:4      | Reached XP level 7. HP: 48/55 MP: 7/7
  5018 | D:4      | Reached skill level 5 in Fighting
  5020 | D:4      | Gained mutation: You are robust. (+10% HP) [demonic
                  | ancestry]
  5020 | D:4      | Reached XP level 8. HP: 50/68 MP: 8/8
  5502 | D:5      | Entered Level 5 of the Dungeon
  5583 | D:5      | Found a staircase to the Ecumenical Temple.
  5596 | Temple   | Entered the Ecumenical Temple
  5633 | Temple   | Became a worshipper of Warmaster Okawaru
  5838 | D:5      | Reached skill level 5 in Armour
  5838 | D:5      | Reached skill level 5 in Shields
  6075 | D:5      | Identified the +11 falchion of Rurejumuh {pain, *Corrode
                  | Will++ Dex+3}
  6138 | D:5      | Found an opulent altar of Gozag.
  6190 | D:5      | Noticed Edmund
  6222 | D:5      | Killed Edmund
  6428 | D:5      | Reached skill level 5 in Axes
  6494 | D:6      | Reached * piety under Okawaru
  6527 | D:6      | Found a runed translucent door.
  6601 | D:6      | Noticed jiml777's ghost (novice GrEE)
  6650 | D:6      | Reached XP level 9. HP: 55/75 MP: 9/9
  6748 | D:6      | Reached skill level 6 in Fighting
  6910 | D:6      | Found a runed translucent door.
  6911 | D:6      | Found a burning altar of Makhleb.
  7022 | D:6      | Found a basalt altar of Yredelemnul.
  7483 | D:7      | Reached skill level 5 in Dodging
  7614 | D:7      | Reached ** piety under Okawaru
  7977 | D:7      | Reached skill level 7 in Fighting
  8329 | D:7      | Noticed a troll
  8351 | D:7      | Killed a troll
  8351 | D:7      | Reached *** piety under Okawaru
  8352 | D:7      | Gained mutation: A demonic guardian rushes to your aid.
                  | [demonic ancestry]
  8352 | D:7      | Reached XP level 10. HP: 51/86 MP: 10/10
  8619 | D:7      | Found a bloodstained altar of Trog.
  8621 | D:7      | Found a hide-covered altar of Uskayaw.
  8629 | D:7      | Found a shadowy altar of Dithmenos.
  8882 | D:8      | Noticed Pikel
  8895 | D:8      | Killed Pikel
  8898 | D:8      | HP: 2/86 [hobgoblin/+0 scythe (10)]
  9245 | D:8      | Got the Volume of Quantum Black Rites
  9419 | D:8      | Found a sacrificial altar of Ru.
  9505 | D:8      | Found Zeusimoil's Changing Room.
  9688 | D:8      | Noticed Prince Ribbit
  9700 | D:8      | Killed Prince Ribbit
  9981 | D:8      | Reached **** piety under Okawaru
 10109 | D:9      | Noticed a boulder beetle
 10116 | D:9      | Noticed a cyan ugly thing
 10462 | D:9      | Found a stormy altar of Qazlal.
 10511 | D:9      | Noticed a boulder beetle
 10522 | D:9      | HP: 2/88 [boulder beetle (10)]
 10528 | D:9      | Killed a boulder beetle
 10529 | D:9      | Reached skill level 8 in Fighting
 10534 | D:9      | Noticed Grum
 10568 | D:8      | Slain by a wolf

Illustrated notes

Levels and vault maps discovered:
D:1:      dpeg_arrival_morbid_curiosity, layout_loops_corners, hex_large
D:2:      layout_loops_corners, minmay_misc_feat_five, mrwooster_statue_mirror,
          chequers_serial_rivers_micro_e, dk_noncrumbling_3,
          minmay_misc_feat_tower, hangedman_decor_points
D:3:      layout_basic
D:4:      minmay_goblin_kobold_castle, layout_basic, minmay_stone_trees_small,
          minmay_ogre_servants, uniq_grinder
D:5:      layout_basic, mainiacjoe_overflow_boulevard,
          minmay_temple_entry_ruins, uniq_edmund
D:6:      layout_cave_pools, yredelemnul_forgotten_temple_becter,
          overflow_temple_1_default, ebering_ghost_sewer_f, lemuel_old_faithful
D:7:      nzn_winding_woodlands_small [nzn_winding_woodlands_5x15_concentric,
          nzn_winding_woodlands_center_lodge,
          nzn_winding_woodlands_5x15_sawtooth], layout_loops_ring,
          grunt_temple_overflow_open, old_standard_altar
D:8:      minmay_general_purpose_star, layout_rooms,
          nicolae_ru_the_path_less_chosen, nicolae_transmutations_shop,
          minmay_misc_feat_alley, sigmund_army, uniq_pikel, uniq_prince_ribbit1
D:9:      minmay_cut_squares, layout_small_grid, amcnicky_altar_gilded,
          david_lair_shrubbed, minivault_5, uniq_grum
Temple:   corrupted_temple

Skill      XL: |  1  2  3  4  5  6  7  8  9 10 |
---------------+-------------------------------+-----
Axes           | 2 3 4 5 6 7 |  7.1
Armour         | 3 4 5 6 7 |  7.4
Shields        | 3 4 5 6 7 |  7.4
Dodging        | 1 2 3 4 5 6 |  6.7
Fighting       | 4 5 7 8 |  8.1

Action                   |  1- 3 |  4- 6 |  7- 9 | 10-12 || total
-------------------------+-------+-------+-------+-------++-------
Melee: War axe           |    73 |   113 |   308 |   112 ||   606
Throw: Javelin           |       |       |     1 |     2 ||     3
Invok: Heroism           |       |       |       |     2 ||     2
  Use: Scroll            |       |     6 |    12 |     3 ||    21
       Potion            |       |     5 |     1 |     5 ||    11
Armor: Scale mail        |    35 |     2 |       |       ||    37
       Plate armour      |       |    73 |   150 |    73 ||   296
       Skin              |       |       |     3 |       ||     3
Dodge: Dodged            |    27 |    15 |    53 |    44 ||   139
Block: Buckler           |    16 |     4 |       |       ||    20
       Kite shield       |       |    70 |   295 |   143 ||   508
       Reflection        |       |       |     5 |    12 ||    17
